 Dungeon Crawl Stone Soup version 0.17-a0-1176-g3d5a0d0 (webtiles) character file.

157 Solfyre the Skirmisher (level 5, -1/34 HPs)
             Began as a Kobold Berserker on May 31, 2015.
             Was a Believer of Trog.
             Slain by Natasha (4 damage)
             ... on level 3 of the Dungeon.
             The game lasted 00:27:13 (3062 turns).

Solfyre the Skirmisher (Kobold Berserker)           Turns: 3062, Time: 00:27:13

Health: -1/34      AC:  6    Str: 17    XL:     5   Next: 66%
Magic:  5/5        EV: 16    Int:  5    God:    Trog [**....]
Gold:   196        SH:  0    Dex: 15    Spells: 0 memorised, 4 levels left

rFire  . . .     SeeInvis .     a - +1 dagger (flame)
rCold  . . .     Clarity  .     q - +0 animal skin
rNeg   . . .     SustAt   .     (shield restricted)
rPois  .         Gourm    .     (no helmet)
rElec  .         Spirit   .     h - +2 cloak
rCorr  .         Warding  .     (no gloves)
rMut   .         Stasis   .     j - +0 pair of boots
MR     .....                    o - amulet of regeneration
Stlth  +++.......               (no ring)
                                (no ring)

@: not resistant to hostile enchantments, fairly stealthy
A: carnivore 3
a: Burn Spellbooks, Berserk, Trog's Hand, Renounce Religion


You were on level 3 of the Dungeon.
You worshipped Trog.
Trog was pleased with you.
You were very full.

You visited 1 branch of the dungeon, and saw 4 of its levels.

You collected 196 gold pieces.

Inventory:

Hand weapons
 a - a +1 dagger of flaming (weapon)
 b - a +0 hunting sling
 k - a +0 dagger
 p - a +0 short sword
 u - a +0 dagger
 x - a +0 dagger
Missiles
 f - 80 stones
 l - 20 bolts of frost
 r - 6 tomahawks (quivered)
Armour
 h - a +2 cloak (worn)
 j - a +0 pair of boots (worn)
 q - a +0 animal skin (worn)
Jewellery
 o - an amulet of regeneration (around neck)
 v - an uncursed ring of magical power
Scrolls
 e - a scroll of recharging
 g - a scroll of enchant armour
Potions
 d - 4 potions of flight {unknown}
 i - 2 potions of might {unknown}
 m - 3 potions of curing {unknown}
 n - a potion of experience {unknown}
 t - 2 potions of haste {unknown}
 w - a potion of heal wounds {unknown}
 A - a potion of cancellation {unknown}
Comestibles
 c - 2 meat rations
 s - a slice of pizza


   Skills:
 * Level 4.7 Fighting
 - Level 4.0 Short Blades
 - Level 0.2 Slings
 - Level 1.5 Armour
 + Level 3.8 Dodging
 * Level 4.1 Stealth


You had 4 spell levels left.
You didn't know any spells.

Dungeon Overview and Level Annotations

Branches:
Dungeon (4/15)
 Temple: D:4-7

Altars:
Qazlal
Sif Muna
The Shining One

Annotations:
D:3 Natasha


Innate Abilities, Weirdness & Mutations

You are small and have problems with some larger weapons.
You are carnivorous and can eat meat at any time.


Message History

The crimson imp misses you. Natasha claws you.
The crimson imp barely misses you.
You closely miss Natasha.
Natasha is severely wounded.
The crimson imp misses you. The crimson imp closely misses you.
Natasha claws you!
* * * LOW HITPOINT WARNING * * *
You barely miss Natasha.
Natasha is severely wounded.
The crimson imp hits you.
* * * LOW HITPOINT WARNING * * *
The crimson imp hits you.
* * * LOW HITPOINT WARNING * * *
The crimson imp summons a swarm of flies.
The crimson imp hits you.
* * * LOW HITPOINT WARNING * * *
You closely miss Natasha.
Natasha is severely wounded.
Natasha claws you.
You die...

#... #)## ######
### #.# ....b ..#
###.## ...#######
#.# #.....
#.......###.###
######
#............#####
#
#.###....h55......
## #.# ##@#.# #.
#.# ##5#.##### #.
#.## #..)...... #.
#..######..#.#####
###.
#.#........#.#
#... ##.#.####.##
# ##.. #.#.# #.#
#.. #### #.#.# #.#
##..
^≈^#####.#.####.#
#...


You could see Natasha and 3 crimson imps.

Vanquished Creatures
  2 orc wizards (D:3)
  6 adders
  A giant gecko (D:2)
  An orc (D:3)
  2 giant cockroaches (D:2)
  4 goblins
  10 hobgoblins
  A ball python (D:1)
  10 bats
  6 giant newts
  3 kobolds
  3 quokkas
  7 rats
56 creatures vanquished.

Notes
Turn   | Place    | Note
--------------------------------------------------------------
     0 | D:1      | Solfyre the Kobold Berserker began the quest for the Orb.
     0 | D:1      | Reached XP level 1. HP: 14/14 MP: 1/1
   163 | D:1      | Reached XP level 2. HP: 13/20 MP: 2/2
   210 | D:2      | Reached skill level 1 in Stealth
   449 | D:1      | Acquired Trog's second power
   466 | D:1      | Reached XP level 3. HP: 24/24 MP: 3/3
  1107 | D:3      | Reached XP level 4. HP: 26/30 MP: 4/4
  1464 | D:3      | Found a stormy altar of Qazlal.
  2236 | D:3      | Found a glowing golden altar of the Shining One.
  2245 | D:3      | Reached XP level 5. HP: 34/34 MP: 5/5
  2357 | D:3      | Found a deep blue altar of Sif Muna.
  3026 | D:3      | Noticed Natasha
  3062 | D:3      | Slain by Natasha

Vault maps used:
D:1:      dpeg_arrival_stone_temple_mockup
D:2:      first_bread
D:3:      nicolae_tso_carved_into_rock, grunt_qazlal_sundering, led_sif_book,
          uniq_natasha

Action                   |  1- 3 |  4- 6 || total
-------------------------+-------+-------++-------
Melee: Short sword       |    76 |       ||    76
       Dagger            |    36 |    77 ||   113
 Fire: Hunting sling     |       |    30 ||    30
Throw: Tomahawk          |     2 |       ||     2
  Use: Scroll            |     2 |     2 ||     4
 Stab: Sleeping          |     5 |     6 ||    11
  Eat: Chunk             |     9 |     5 ||    14
